 Dungeon Crawl Stone Soup version 0.17.1-3-g152610e (webtiles) character file.

2525 Heskey the Covert (level 9, 0/64 HPs)
             Began as an Octopode Assassin on Mar 26, 2016.
             Slain by a wyvern zombie (14 damage)
             ... on level 7 of the Dungeon.
             The game lasted 00:17:59 (10542 turns).

Heskey the Covert (Octopode Assassin)              Turns: 10542, Time: 00:17:59

Health: 0/64       AC:  1    Str: 11    XL:     9   Next: 54%
Magic:  9/9        EV: 18    Int: 13    God:
Gold:   349        SH:  0    Dex: 21    Spells: 0 memorised, 8 levels left

rFire  . . .     SeeInvis .     a - +2 dagger
rCold  . . .     Clarity  .     (no shield)
rNeg   . . .     SustAt   .     (helmet restricted)
rPois  .         Gourm    .     f - amulet of resist corrosion
rElec  .         Spirit   .     k - +5 ring of dexterity
rCorr  +         Warding  .     (no ring)
rMut   .         Stasis   .     (no ring)
MR     .....                    (no ring)
Stlth  +++++++...               (no ring)
                                (no ring)
                                (no ring)
                                (no ring)

@: not resistant to hostile enchantments, extremely stealthy
A: almost no armour, amphibious, 8 rings, constrict 8, camouflage 1, gelatinous
body 1
a: no special abilities


You were on level 7 of the Dungeon.
You were not hungry.

You visited 2 branches of the dungeon, and saw 8 of its levels.
You also visited: Sewer and Ossuary.

You collected 349 gold pieces.

Inventory:

Hand Weapons
 a - a +2 dagger (weapon)
 b - a +0 blowgun
Missiles
 c - 53 poisoned needles
 d - 10 curare-tipped needles
 A - 8 needles of sleeping
Jewellery
 f - an amulet of resist corrosion (around mantle)
 k - a +5 ring of dexterity (left tentacle)
 D - an uncursed ring of protection from magic {unknown}
Wands
 p - a wand of fireball (4)
 x - a wand of digging (7)
Scrolls
 h - 5 scrolls of remove curse
 j - 3 scrolls of teleportation
 l - 4 scrolls of magic mapping
 n - 3 scrolls of fear
 s - 3 scrolls of recharging
 u - a scroll of amnesia
 v - 10 scrolls of identify
 y - 2 scrolls of silence {unknown}
 F - a scroll of enchant armour {unknown}
Potions
 m - a potion of haste
 o - a potion of might
 r - 3 potions of berserk rage
 t - a potion of brilliance
 w - a potion of curing
 C - 2 potions of resistance
Books
 B - a book of Dreams

   Spells                             Type                      Level
   a - Ensorcelled Hibernation        Hexes/Ice                    2
   b - Phase Shift                    Translocation                5
   c - Shadow Creatures               Summoning                    5
   d - Silence                        Hexes/Air                    5
   e - Darkness                       Hexes                        6
   f - Mass Confusion                 Hexes                        6
 J - a book of Party Tricks

   Spells                             Type                      Level
   a - Summon Butterflies             Summoning                    1
   b - Apportation                    Translocation                1
   c - Tukima's Dance                 Hexes                        3
   d - Alistair's Intoxication        Transmutation/Poison         4
   e - Invisibility                   Hexes                        6
Comestibles
 e - 4 bread rations
 i - 5 meat rations
 q - 7 fruits
 E - a slice of pizza
 H - a royal jelly


   Skills:
 + Level 7.2 Fighting
 + Level 7.2 Short Blades
 - Level 2.0 Throwing
 + Level 6.7 Dodging
 - Level 8.0 Stealth


You had 8 spell levels left.
You didn't know any spells.

Dungeon Overview and Level Annotations

Branches:
Dungeon (7/15)             Temple (1/1) D:7

Altars:
Ashenzari
Cheibriados
Dithmenos
Elyvilon
Fedhas
Gozag
Kikubaaqudgha
Makhleb
Nemelex Xobeh
Qazlal
Ru
Sif Muna
Vehumet
Xom
Yredelemnul
Zin
The Shining One


Innate Abilities, Weirdness & Mutations

You cannot wear most types of armour.
You are amphibious.
You can wear up to eight rings at the same time.
You can use your tentacles to constrict eight enemies at once.
Your skin changes colour to match your surroundings (Stealth).
Your rubbery body absorbs attacks (AC +1).


Message History

You hit the wyvern zombie but do no damage.
You hit the wyvern zombie but do no damage.
You squeeze the wyvern zombie. The wyvern zombie bites you!
* * * LOW HITPOINT WARNING * * *
You hit the wyvern zombie. The wyvern zombie bites you.
* * * LOW HITPOINT WARNING * * *
You hit the wyvern zombie. The wyvern zombie closely misses you.
You barely miss the wyvern zombie.
You squeeze the wyvern zombie, but do no damage.
The wyvern zombie bites you.
* * * LOW HITPOINT WARNING * * *
Drink which item? (? for menu, Esc to quit)
You feel better. The wyvern zombie barely misses you.
You hit the wyvern zombie. You squeeze the wyvern zombie.
The wyvern zombie barely misses you.
You hit the wyvern zombie but do no damage.
The wyvern zombie closely misses you.
You hit the wyvern zombie but do no damage.
The wyvern zombie bites you!
You die...

# ### ...#... ..< #.....# #
#.#...## .# ###.#.#..########
.###.# #................. #.#..#
#......≈≈≈≈≈....... #....#
##....≈≈≈≈≈≈≈≈≈.....#
##....####...≈Z@≈≈≈≈≈≈≈≈≈≈...###
##......#...(≈≈≈≈≈≈≈≈≈≈≈≈≈≈≈..#.#
#............≈≈≈≈≈≈)..≈≈≈≈≈≈.....
.............≈≈≈≈≈≈.>.≈≈≈≈≈≈.#...
.............≈≈≈≈≈)...≈≈≈≈≈≈.#...
..........##..≈≈≈)≈≈≈≈≈≈≈≈≈..#...
..........##....≈≈≈≈≈≈≈≈≈........
........(..#......≈≈≈≈≈.......##.
.......................[.....###.


You could see a wyvern zombie.

Vanquished Creatures
  A hippogriff (D:7)
  A water moccasin (D:7)
  A black bear (D:6)
  A phantom (D:4)
  2 orc warriors (D:7)
  A sky beast (D:7)
  A necrophage (D:7)
  An ogre (D:5)
  4 giant frogs
  2 water moccasin zombies (Ossuary)
  A wyvern skeleton (D:5)
  2 scorpions
  A hound (D:4)
  2 centaur skeletons (D:4)
  A jelly (D:5)
  8 orc wizards
  11 worker ants
  An iguana (D:7)
  3 big kobold zombies (Ossuary)
  A hound zombie (D:5)
  2 worker ant zombies (D:5)
  2 mummies (Ossuary)
  12 adders
  4 river rats (Sewer)
  A shadow imp (D:7)
  3 oozes
  8 adder zombies
  2 adder skeletons (D:4)
  5 worms
  6 giant geckos
  19 orcs
  10 giant cockroaches
  6 gnoll zombies (Ossuary)
  8 hobgoblins
  3 jackals (D:4)
  6 quokkas
  20 ball pythons
  6 bats
  8 giant newts
  10 goblins
  2 goblin zombies (D:4)
  3 hobgoblin zombies (Ossuary)
  3 kobolds
  5 kobold zombies (Ossuary)
  3 orc zombies (Ossuary)
  30 rats
233 creatures vanquished.

Vanquished Creatures (others)
  5 fungi (D:6)
5 creatures vanquished.

Grand Total: 238 creatures vanquished

Notes
Turn   | Place    | Note
--------------------------------------------------------------
     0 | D:1      | Heskey the Octopode Assassin began the quest for the Orb.
     0 | D:1      | Reached XP level 1. HP: 14/14 MP: 1/1
   252 | D:1      | Reached XP level 2. HP: 14/19 MP: 2/2
  1239 | D:2      | Reached XP level 3. HP: 20/25 MP: 3/3
  1432 | D:2      | Reached skill level 6 in Stealth
  1466 | D:2      | Reached XP level 4. HP: 20/30 MP: 4/4
  2264 | D:3      | Found a sacrificial altar of Ru.
  2388 | D:3      | Reached XP level 5. HP: 36/36 MP: 5/5
  2588 | D:4      | Reached XP level 6. HP: 29/42 MP: 6/6
  2684 | D:4      | Reached skill level 7 in Stealth
  2951 | D:4      | Found a sand-covered staircase.
  2962 | Ossuary  | Entered an ossuary
  3636 | Ossuary  | Reached XP level 7. HP: 10/48 MP: 7/7
  4262 | Ossuary  | Reached skill level 8 in Stealth
  5582 | D:5      | Entered Level 5 of the Dungeon
  5631 | D:5      | Found a glowing drain.
  5650 | Sewer    | Entered a sewer
  5770 | Sewer    | Reached XP level 8. HP: 49/54 MP: 8/8
  5843 | Sewer    | Reached skill level 5 in Short Blades
  6258 | Sewer    | Reached skill level 5 in Fighting
  6444 | D:5      | Found a white marble altar of Elyvilon.
  6991 | D:5      | Found a glowing golden altar of the Shining One.
  6997 | D:5      | Found a radiant altar of Vehumet.
  7006 | D:5      | Found a glowing silver altar of Zin.
  7043 | D:5      | Reached skill level 5 in Dodging
  8381 | D:6      | Reached XP level 9. HP: 62/62 MP: 9/9
  8753 | D:7      | Found a staircase to the Ecumenical Temple.
  9596 | Temple   | Entered the Ecumenical Temple
 10542 | D:7      | Slain by a wyvern zombie

Action                   |  1- 3 |  4- 6 |  7- 9 || total
-------------------------+-------+-------+-------++-------
Melee: Dagger            |    67 |   134 |   419 ||   620
Throw: Throwing net      |       |       |     1 ||     1
Evoke: Wand              |       |       |     4 ||     4
  Use: Scroll            |       |     6 |     6 ||    12
       Potion            |       |     3 |    13 ||    16
 Stab: Sleeping          |    13 |    23 |    43 ||    79
       Distracted        |       |     2 |     4 ||     6
  Eat: Chunk             |     2 |     4 |    11 ||    17
       Bread ration      |       |     1 |     1 ||     2
       Royal jelly       |       |       |     1 ||     1
       Fruit             |       |       |     1 ||     1
       Meat ration       |       |       |     1 ||     1
       Beef jerky        |       |       |     1 ||     1
